 Dungeon Crawl Stone Soup version 0.15.0-23-gc2b521c (console) character file.

213 gw the Twirler (level 5, -8/46 HPs)
             Began as a Minotaur Gladiator on Sept 8, 2014.
             Mangled by gw's ghost (13 damage)
             ... on Level 3 of the Dungeon.
             The game lasted 00:02:53 (4636 turns).

gw the Twirler (Minotaur Gladiator)                 Turns: 4636, Time: 00:02:53

HP  -8/46        AC 10     Str 20      XL: 5   Next: 59%
MP   2/2         EV  7     Int  5      God:
Gold 0           SH  0     Dex 11      Spells:  0 memorised,  4 levels left

rFire  + . .     SeeInvis .     a - +0 quarterstaff
rCold  + . .     Clarity  .     l - +0 chain mail
rNeg   . . .     rCorr    .     (no shield)
rPois  .         rRot     .     c - +0 hat
rElec  .         Spirit   .     (no cloak)
SustAb .         Warding  .     (no gloves)
rMut   .         Stasis   .     m - +0 pair of boots
Gourm  .                        (no amulet)
MR     .....                    j - ring of protection from cold
                                b - ring of protection from fire

@: not resistant to hostile enchantments, extremely unstealthy
A: retaliatory headbutt, horns 2
a: no special abilities


You were on level 3 of the Dungeon.
You were near starving.

You visited 1 branch of the dungeon, and saw 3 of its levels.

Inventory:

Hand weapons
 a - a +0 quarterstaff (weapon)
Missiles
 d - 3 throwing nets
 h - 49 stones (quivered)
Armour
 c - a +0 hat (worn)
 l - a +0 chain mail (worn)
 m - a +0 pair of boots (worn)
Magical devices
 i - a wand of confusion (13)
Comestibles
 f - a bread ration
 g - 2 meat rations
 n - 2 slices of pizza
Scrolls
 e - 5 scrolls of identify
 p - a scroll of remove curse
Jewellery
 b - a ring of protection from fire (left hand)
 j - a ring of protection from cold (right hand)


   Skills:
 + Level 3.7 Fighting
 * Level 5.4 Staves
 + Level 3.2 Throwing
 + Level 2.9 Armour
 - Level 3.2 Dodging


You had 4 spell levels left.
You didn't know any spells.

Dungeon Overview and Level Annotations

Branches:
Dungeon (3/15)

Altars:

Annotations:
D:2 exclusion: 2 downstairs
D:3 gw's ghost, average MiGl


Innate Abilities, Weirdness & Mutations

You reflexively headbutt those who attack you in melee.
You have a pair of horns on your head.


Message History

You hit gw's ghost but do no damage.
Gw's ghost is moderately damaged.
Gw's ghost hits you.
FLEEEEING!
ATTACKING (-1,0)
You hit gw's ghost but do no damage.
You headbutt gw's ghost, but do no damage.
Gw's ghost is moderately damaged.
Gw's ghost barely misses you.
FLEEEEING!
ATTACKING (-1,0)
You hit gw's ghost but do no damage.
Gw's ghost is moderately damaged.
Gw's ghost barely misses you.
FLEEEEING!
ATTACKING (-1,0)
Your chain mail prevents you from hitting gw's ghost.
Gw's ghost is moderately damaged.
Gw's ghost hits you!
You die...

....##.....##.......#
..####.....##.#####.##
..# #.....##.####...#
..# #.....##.##...#.#
### #.....##.##.#...#
###.####.##.##.## #.#
#.......#
#.#######.####
########...$...WH#
.....##.>...######
###### #......##...#
######...
#.##...##.#.#
#####......#
#.##...#....#
#...#......####
#.##......#.#
#.............#
#.####.#.#.##
#...#......##.#
#.####...>##
##%##......##..
#........%#
#.##..........


You could see gw's ghost.

Table legend:
 A = Turns spent in this place as a percentage of turns spent in the entire game.
 B = Non-inter-level travel turns spent in this place as a percentage of non-inter-level travel turns spent in the entire game.
 C = Inter-level travel turns spent in this place as a percentage of turns spent in this place.
 D = Turns resting spent in this place as a percentage of non-inter-level travel turns spent in this place.
 E = Turns spent auto-exploring this place as a percentage of non-inter-level travel turns spent in this place.
 F = Non-inter-level travel turns spent in this place divided by the number of levels of this place that you've seen.
                   A       B       C       D       E      F
               +-------+-------+-------+-------+-------+----------------------
         Total | 100.0 | 100.0 |   1.9 |   4.8 |  10.8 | 498.3
       Dungeon | 100.0 | 100.0 |   1.9 |   4.8 |  10.8 | 498.3
               +-------+-------+-------+-------+-------+----------------------

Table legend:
 A = Kills in this place as a percentage of kills in entire the game.
 B = Kills by you in this place as a percentage of kills by you in the entire game.
 C = Kills by friends in this place as a percentage of kills by friends in the entire game.
 D = Other kills in this place as a percentage of other kills in the entire game.
 E = Experience gained in this place as a percentage of experience gained in the entire game.
 F = Experience gained in this place divided by the number of levels of this place that you have seen.
                   A       B       C       D       E      F
               +-------+-------+-------+-------+-------+----------------------
         Total | 100.0 | 100.0 |  -nan |  -nan | 100.0 | 101.7
       Dungeon | 100.0 | 100.0 |  -nan |  -nan | 100.0 | 101.7
               +-------+-------+-------+-------+-------+----------------------

Vanquished Creatures
  An orc wizard (D:3)
  A worker ant (D:3)
  5 adders
  2 giant mites (D:2)
  5 worms
  2 giant geckos
  An ooze (D:3)
  2 orcs (D:3)
  7 bats
  7 giant cockroaches
  9 hobgoblins
  4 jackals (D:3)
  6 kobolds
  6 quokkas
  A ball python (D:3)
  4 giant newts
  7 goblins
  7 rats
77 creatures vanquished.

Notes
Turn   | Place    | Note
--------------------------------------------------------------
     0 | D:1      | gw, the Minotaur Gladiator, began the quest for the Orb.
     0 | D:1      | Reached XP level 1. HP: 18/18 MP: 1/1
   194 | D:1      | Reached skill level 4 in Staves
   244 | D:1      | Reached skill level 1 in Armour
   244 | D:1      | Reached XP level 2. HP: 25/25 MP: 1/1
   942 | D:1      | Reached XP level 3. HP: 30/30 MP: 2/2
  1799 | D:2      | Reached XP level 4. HP: 38/38 MP: 2/2
  2505 | D:3      | Reached skill level 5 in Staves
  2611 | D:3      | Noticed gw's ghost (average MiGl)
  2972 | D:3      | Reached XP level 5. HP: 2/45 MP: 2/2
  4636 | D:3      | Mangled by gw's ghost

Action                   |  1- 3 |  4- 6 || total
-------------------------+-------+-------++-------
Melee: Quarterstaff      |    62 |   122 ||   184
Throw: Stone             |   115 |   118 ||   233
Evoke: Wand              |       |     1 ||     1
  Use: Scroll            |     4 |     2 ||     6
       Potion            |     1 |     4 ||     5
  Eat: Chunk             |     3 |     7 ||    10

Vault maps used:
D:1:      dpeg_arrival_tiny_a, minmay_misc_feat_secret_circle,
          minmay_misc_feat_rows
